 Dungeon Crawl Stone Soup version 0.18.1-8-gdd0e5ea (webtiles) character file.

8352 KrisztiCat the Geomancer (level 11, 0/64 HPs)
             Began as a Gargoyle Earth Elementalist on June 10, 2016.
             Was a Priest of Vehumet.
             Slain by a polar bear (4 damage)
             ... on level 1 of the Lair of Beasts on June 11, 2016.
             The game lasted 01:54:18 (9384 turns).

KrisztiCat the Geomancer (GrEE)                     Turns: 9384, Time: 01:54:19

Health: 0/64       AC: 19    Str: 12    XL:     11   Next: 29%
Magic:  5/23       EV: 12    Int: 19    God:    Vehumet [***...]
Gold:   477        SH:  4    Dex: 10    Spells: 4 memorised, 13 levels left

rFire  . . .     SeeInvis .     p - +2 whip (venom)
rCold  + + .     Gourm    .     x - +1 leather armour {rC+}
rNeg   + . .     Faith    .     M - +0 buckler {AC+3}
rPois  ∞         Spirit   .     z - +2 helmet
rElec  +         Dismiss  .     (no cloak)
rCorr  .         Reflect  .     f - +0 pair of gloves
SustAt .         Harm     .     (no boots)
MR     .....                    (no amulet)
Stlth  ++........               q - ring of wizardry
                                E - ring of protection from cold

@: not resistant to hostile enchantments, unstealthy
A: negative energy resistance 1, electricity resistance, unbreathing,
petrification resistance, rot immunity, AC +7
a: Renounce Religion


You were on level 1 of the Lair of Beasts.
You worshipped Vehumet.
Vehumet was most pleased with you.
You were not hungry.

You visited 3 branches of the dungeon, and saw 13 of its levels.
You also visited: Ice Cave.

You collected 477 gold pieces.

Inventory:

Hand Weapons
 p - a +2 whip of venom (weapon)
 R - a +0 mace of holy wrath
Missiles
 b - 149 stones (quivered)
Armour
 f - a +0 pair of gloves (worn)
 x - a +1 leather armour of cold resistance (worn)
 z - a +2 helmet (worn)
 H - a +1 robe of magic resistance
 I - a +2 robe
 M - a +0 buckler of protection (worn)
 Q - a +2 leather armour of fire resistance
Jewellery
 l - an uncursed ring of stealth
 q - a ring of wizardry (right hand)
 D - an uncursed ring of protection from magic
 E - a ring of protection from cold (left hand)
 G - a +2 ring of dexterity
 P - the ring of Qazlal's Fury {Int+2 SInv}
   (You found it on level 9 of the Dungeon)

   [ring of see invisible]

   It affects your intelligence (+2).
   It lets you see invisible.
Wands
 F - a wand of random effects (22/48)
 N - a wand of flame (37/48)
Scrolls
 g - 3 scrolls of magic mapping
 h - 2 scrolls of fog
 j - 6 scrolls of recharging
 n - 7 scrolls of teleportation
 y - 4 scrolls of remove curse
 J - a scroll of identify
 K - 5 scrolls of enchant armour
 T - a scroll of noise {unknown}
Potions
 e - 2 potions of magic
 i - a potion of agility
 m - 4 potions of cancellation
 r - a potion of berserk rage
 u - 2 potions of curing
 w - a potion of beneficial mutation
 B - a potion of flight
 C - a potion of haste
 S - a potion of invisibility
Books
 c - a book of Geomancy

   Spells                             Type                      Level
   a - Sandblast                      Earth                        1
   b - Passwall                       Transmutation/Earth          2
   c - Stone Arrow                    Conjuration/Earth            3
   d - Petrify                        Transmutation/Earth          4
   e - Lee's Rapid Deconstruction     Earth                        5
 t - a book of Conjurations

   Spells                             Type                      Level
   a - Magic Dart                     Conjuration                  1
   b - Searing Ray                    Conjuration                  2
   c - Dazzling Spray                 Conjuration/Hexes            3
   d - Fulminant Prism                Conjuration/Hexes            4
   e - Iskenderun's Mystic Blast      Conjuration                  4
   f - Iskenderun's Battlesphere      Conjuration/Charms           5
Miscellaneous
 O - a plain deck of wonders
Comestibles
 d - 7 bread rations
 k - 13 fruits
 o - 4 meat rations
 v - 4 beef jerkies


   Skills:
 + Level 5.2 Fighting
 + Level 4.6 Maces & Flails
 + Level 5.7 Armour
 + Level 4.4 Dodging
 - Level 2.2 Stealth
 + Level 3.1 Shields
 * Level 8.5 Spellcasting
 + Level 5.5 Conjurations
 + Level 3.5 Charms
   Level 0.7 Transmutations
 + Level 8.9 Earth Magic
 + Level 3.1 Evocations


You had 13 spell levels left.
You knew the following spells:

 Your Spells              Type           Power        Failure   Level  Hunger
a - Sandblast             Erth           #####.       1%          1    None
b - Stone Arrow           Conj/Erth      #####.       1%          3    None
c - Lee's Rapid Deconstr  Erth           #####.....   1%          5    #####..
d - Iskenderun's Battles  Conj/Chrm      ####....     9%          5    #####..


Dungeon Overview and Level Annotations

Branches:
Dungeon (11/15)            Temple (1/1) D:5            Lair (1/8) D:10
    Orc (0/2) D:9

Altars:
Ashenzari
Cheibriados
Dithmenos
Elyvilon
Fedhas
Gozag
Kikubaaqudgha
Makhleb
Nemelex Xobeh
Okawaru
Pakellas
Qazlal
Ru
Sif Muna
Trog
Vehumet
Xom
Yredelemnul
Zin
The Shining One


Innate Abilities, Weirdness & Mutations

You are resistant to torment.
Your stone body is resilient (AC +7).
You are immune to poison.
You resist negative energy.
You are resistant to electric shocks.
You can survive without breathing.
You are immune to petrification.
You are immune to rotting.


Message History

The polar bear claws you but does no damage.
There is an ice covered gate leading back out of this place here.
The polar bear bites you but does no damage.
The polar bear claws you but does no damage. x2
The polar bear bites you but does no damage.
The polar bear claws you but does no damage. x2
Welcome back to the Lair of Beasts! x2
There is a collapsed entrance here.
The polar bear goes berserk!
The polar bear bites you!
* * * LOW HITPOINT WARNING * * *
The polar bear claws you but does no damage. x2
Drink which item? (? for menu, Esc to quit)
Okay, then.
Read which item? (? for menu, Esc to quit)
Okay, then.
The polar bear barely misses you.
The polar bear claws you but does no damage.
The polar bear claws you.
You die...

,,* *,........<## *,,** ,,*
**,..........##**,,* ,,*
*,,$..........# **,** ,,*
*,,..$.......## **,*## **
,,***,,..........#### *,..#* *,
,,,,,,,...........#.####.#,*****,
,*,**,,...................,,,,,,,
,****,,................##**,,,***
** ***.........@.....## *,*,**
*#......##hh...## ***,*
###....##.....## *#.###
###.##.......# ##..#.#
###........# #....#* ***
*#..##.....## #....# *,**
***#..#*#####..###....## **,,***
*,...#* ##.........#
,,,,,,****..#* #.....†...#


You could see 2 polar bears.

Vanquished Creatures
  An unseen horror (D:9)
  An orange crystal statue (D:10)
  A black mamba (Lair:1)
  A spiny frog (D:10)
  A troll (D:10)
  A two-headed ogre (D:9)
  A wraith (D:11)
  2 hippogriffs
  3 hungry ghosts
  A warg (D:9)
  Edmund (D:6)
  Duvessa (D:7)
  2 water moccasins
  4 orc warriors
  Purgy (D:4)
  4 ogres
  A sky beast (D:9)
  2 phantoms
  A wasp (Lair:1)
  2 black bears
  8 centaurs
  5 wolves
  2 crocodiles
  A big kobold (D:10)
  A wyvern zombie (D:7)
  4 giant frogs
  Dowan (D:7)
  A scorpion (D:4)
  6 killer bees
  2 electric eels (D:10)
  5 crimson imps
  A jelly (D:7)
  4 howler monkeys
  2 giant frog skeletons (D:8)
  8 hounds
  A quasit (D:7)
  5 orc priests
  7 orc wizards
  3 centaur skeletons
  A worker ant (D:4)
  An iguana (D:4)
  A killer bee zombie (D:9)
  3 hound zombies
  3 hound skeletons
  2 worker ant zombies (D:7)
  10 adders
  3 gnolls (D:6)
  3 shadow imps
  12 white imps (Lair:1)
  An adder skeleton (D:6)
  2 worms
  4 giant geckos
  32 orcs
  10 bats
  9 giant cockroaches
  8 hobgoblins
  21 jackals
  9 kobolds
  4 quokkas
  2 ball pythons
  A giant gecko skeleton (D:5)
  10 giant newts
  8 goblins
  A quokka skeleton (D:5)
  A quokka zombie (D:7)
  4 rats
265 creatures vanquished.

Vanquished Creatures (others)
  3 yaks (IceCv)
  5 fungi (Lair:1)
  11 plants (Lair:1)
19 creatures vanquished.

Grand Total: 284 creatures vanquished

Notes
Turn   | Place    | Note
--------------------------------------------------------------
     0 | D:1      | KrisztiCat the Gargoyle Earth Elementalist began the quest for the Orb.
     0 | D:1      | Reached XP level 1. HP: 10/10 MP: 3/3
   126 | D:1      | Reached XP level 2. HP: 15/15 MP: 1/5
   460 | D:1      | Reached XP level 3. HP: 19/19 MP: 1/6
   892 | D:2      | Found a glowing golden altar of the Shining One.
  1327 | D:2      | Reached XP level 4. HP: 19/24 MP: 1/8
  1450 | D:3      | Noticed a water moccasin
  1666 | D:4      | Noticed Purgy
  1902 | D:3      | Reached XP level 5. HP: 19/28 MP: 2/10
  2007 | D:3      | Killed a water moccasin
  2007 | D:3      | Reached skill level 5 in Earth Magic
  2012 | D:3      | Learned a level 3 spell: Stone Arrow
  2265 | D:4      | Killed Purgy
  2265 | D:4      | Reached XP level 6. HP: 21/32 MP: 5/13
  2272 | D:5      | Entered Level 5 of the Dungeon
  2295 | D:4      | Reached skill level 5 in Spellcasting
  2564 | D:5      | Reached XP level 7. HP: 32/36 MP: 9/15
  2723 | D:4      | Reached skill level 1 in Conjurations
  2971 | D:5      | Reached skill level 1 in Fighting
  2971 | D:5      | Reached skill level 1 in Maces & Flails
  3029 | D:5      | Reached skill level 1 in Armour
  3097 | D:5      | Reached XP level 8. HP: 30/43 MP: 5/16
  3502 | D:5      | Found a staircase to the Ecumenical Temple.
  3511 | Temple   | Entered the Ecumenical Temple
  3550 | Temple   | Became a worshipper of Vehumet
  4114 | D:6      | Noticed Edmund
  4129 | D:6      | Killed Edmund
  4185 | D:6      | Found an oddly glowing altar of Pakellas.
  4297 | D:5      | Found a glowing golden altar of the Shining One.
  4523 | D:7      | Noticed Duvessa
  4544 | D:7      | Killed Duvessa
  4545 | D:7      | Noticed Dowan
  4564 | D:7      | Killed Dowan
  4564 | D:7      | Reached XP level 9. HP: 47/50 MP: 1/19
  4599 | D:7      | Reached * piety under Vehumet
  4599 | D:7      | Offered knowledge of Sting by Vehumet.
  4606 | D:7      | Learned a level 5 spell: Iskenderun's Battlesphere
  4748 | D:7      | Learned a level 5 spell: Lee's Rapid Deconstruction
  4931 | D:7      | Reached skill level 1 in Evocations
  5219 | D:8      | Reached skill level 1 in Charms
  5342 | D:7      | Reached ** piety under Vehumet
  5342 | D:7      | Offered knowledge of Throw Frost by Vehumet.
  5602 | D:8      | Found a shattered altar of Ashenzari.
  5845 | D:8      | Found a sparkling altar of Nemelex Xobeh.
  5849 | D:8      | Found a white marble altar of Elyvilon.
  5849 | D:8      | Found a deep blue altar of Sif Muna.
  5850 | D:8      | Found a blossoming altar of Fedhas.
  5856 | D:8      | Found a snail-covered altar of Cheibriados.
  6445 | D:9      | Found a stormy altar of Qazlal.
  6510 | D:10     | Entered Level 10 of the Dungeon
  6562 | D:9      | Reached XP level 10. HP: 52/56 MP: 2/21
  6704 | D:9      | Found a staircase to the Orcish Mines.
  6734 | D:9      | Reached skill level 1 in Shields
  7371 | D:9      | Got a vibrating platinum ring
  7373 | D:9      | Identified the ring of Qazlal's Fury {Int+2 SInv} (You found it on level 9 of the Dungeon)
  7476 | D:10     | Noticed an unseen horror
  7483 | D:9      | Killed an unseen horror
  7579 | D:9      | Reached skill level 5 in Armour
  7731 | D:9      | Found a blossoming altar of Fedhas.
  7850 | D:10     | Offered knowledge of Ignite Poison by Vehumet.
  8169 | D:10     | Reached skill level 5 in Conjurations
  8175 | D:10     | Found a staircase to the Lair.
  8277 | D:10     | Noticed an orange crystal statue
  8278 | D:10     | Noticed a hill giant
  8293 | D:10     | Killed an orange crystal statue
  8387 | D:10     | Reached *** piety under Vehumet
  8624 | D:10     | You fall through a shaft!
  8631 | D:11     | Reached XP level 11. HP: 51/62 MP: 3/23
  8870 | Lair:1   | Entered Level 1 of the Lair of Beasts
  8878 | Lair:1   | Reached skill level 5 in Fighting
  8909 | Lair:1   | Found a frozen archway.
  9195 | Lair:1   | Offered knowledge of Throw Icicle by Vehumet.
  9345 | IceCv    | Entered an ice cave
  9384 | Lair:1   | Slain by a polar bear

Skill      XL: |  1  2  3  4  5  6  7  8  9 10 11 |
---------------+----------------------------------+-----
Earth Magic    | 4 5 6 7 8 |  8.9
Spellcasting   | 3 4 5 6 7 8 |  8.5
Conjurations   | 2 3 4 5 |  5.5
Fighting       | 1 3 4 5 |  5.2
Maces & Flails | 1 2 3 4 |  4.6
Armour         | 1 3 4 5 |  5.7
Dodging        | 2 3 4 |  4.4
Evocations     | 2 3 |  3.1
Charms         | 2 3 |  3.5
Shields        | 2 3 |  3.1
Stealth        | |  2.2
Transmutations | |  0.7

Action                   |  1- 3 |  4- 6 |  7- 9 | 10-12 || total
-------------------------+-------+-------+-------+-------++-------
Melee: Whip              |    26 |    26 |   193 |   186 ||   431
 Cast: Sandblast         |    69 |    93 |   123 |    23 ||   308
       Stone Arrow       |       |       |   113 |   124 ||   237
       Lee's Rapid Decon |       |       |       |     6 ||     6
  Use: Scroll            |       |     1 |    15 |     9 ||    25
       Potion            |       |       |     1 |     4 ||     5
  Eat: Chunk             |     2 |     3 |    14 |    13 ||    32
       Fruit             |       |     1 |     1 |     2 ||     4
       Meat ration       |       |       |       |     1 ||     1
Armor: Robe              |    13 |       |    42 |    38 ||    93
       Ring mail         |    14 |    51 |       |       ||    65
       Leather armour    |       |       |   116 |   143 ||   259
Dodge: Dodged            |    33 |    40 |   194 |   193 ||   460
Block: Buckler           |       |       |     5 |    58 ||    63
